 Dungeon Crawl Stone Soup version 0.14-a0-1585-g835621a (webtiles) character file.

487 KINGBONG the Ruffian (level 6, -3/55 HPs)
             Began as a Troll Hunter on Dec 22, 2013.
             Was an Initiate of Makhleb.
             Killed by divine providence
             ... invoked by an orc priest
              (11 damage)
             ... on Level 6 of the Dungeon.
             The game lasted 00:06:33 (747 turns).

KINGBONG the Ruffian (Troll Hunter)                  Turns: 747, Time: 00:06:33

HP  -3/55        AC  5     Str 22      XL: 6   Next: 50%
MP   3/3         EV  9     Int  8      God: Makhleb [......]
Gold 96          SH  0     Dex 10      Spells:  0 memorised,  5 levels left

rFire  . . .     SeeInvis .       - Unarmed
rCold  . . .     Clarity  .     d - +0 animal skin
rNeg   . . .     Conserve .     (shield restricted)
rPois  .         rCorr    .     (helmet restricted)
rElec  .         rRot     .     (no cloak)
SustAb . .       Spirit   .     (gloves unavailable)
rMut   .         Warding  .     (boots unavailable)
Gourm  +         Stasis   .     (no amulet)
                                (no ring)
                                (no ring)

@: slightly resistant to hostile enchantments, unstealthy
A: unfitting armour, claws 3, fast metabolism 3, gourmand, regeneration 2,
saprovore 2, shaggy fur 1, tough skin 2
a: Renounce Religion


You were on level 6 of the Dungeon.
You worshipped Makhleb.
Makhleb was noncommittal.
You were very hungry.

You visited 2 branches of the dungeon, and saw 7 of its levels.

You collected 96 gold pieces.

Inventory:

Missiles
 b - 4 large rocks (quivered)
 c - 2 throwing nets
Armour
 d - a +0 animal skin (worn)
Magical devices
 s - a wand of draining (6) {unknown}
Comestibles
 a - 2 meat rations
 h - 2 bread rations
 t - a pear
Scrolls
 e - a scroll of blinking {unknown}
 i - 3 scrolls of remove curse {unknown}
 m - a scroll of enchant weapon I {unknown}
 o - a scroll of identify {unknown}
 u - a scroll of teleportation {unknown}
Jewellery
 g - an uncursed amulet of resist corrosion {unknown}
Potions
 f - a potion of paralysis {unknown}
 j - 2 potions of mutation {unknown}
 k - a potion of brilliance {unknown}
 l - 2 potions of heal wounds {unknown}
 n - a potion of confusion {unknown}
 p - 2 potions of agility {unknown}
 q - a potion of restore abilities {unknown}
 r - 2 potions of berserk rage {unknown}
Books
 v - a book of Unlife

   Spells                             Type                      Level
   Recall                             Summoning/Translocation      3
   Animate Dead                       Necromancy                   4
   Control Undead                     Necromancy                   4
   Twisted Resurrection               Necromancy                   5
   Death Channel                      Necromancy                   6
   Simulacrum                         Ice/Necromancy               6


   Skills:
 - Level 1.5 Fighting
 - Level 3.6 Throwing
 - Level 1.5 Dodging
 - Level 0.4 Stealth
 + Level 6.8 Unarmed Combat


You had 5 spell levels left.
You didn't know any spells.

Dungeon Overview and Level Annotations

Branches:
Dungeon (6/16)             Temple (1/1) D:4

Altars:
Ashenzari
Cheibriados
Elyvilon
Fedhas
Kikubaaqudgha
Makhleb
Nemelex Xobeh
Okawaru
Sif Muna
Vehumet
Yredelemnul
Zin


Innate Abilities, Weirdness & Mutations

You are too large for most types of armour.
You have claws for hands.
Your metabolism is lightning-fast.
You like to eat raw meat.
You heal very quickly.
You can eat rotten meat.
You are covered in fur (AC +1).
You have very tough skin (AC +2).


Message History

The orc priest invokes the aid of Beogh against you.
Something smites you! The orc hits you.
The orc priest hits you with an orcish mace.
You can move again.
Unknown command.
You claw the orc priest!
The orc priest begins to bleed from its wounds!
The orc priest is severely wounded.
The orc priest hits you with an orcish mace!
* * * LOW HITPOINT WARNING * * *
Unknown command.
You are feeling very hungry.
You claw the orc priest!
You kill the orc priest!
Makhleb accepts your kill. The orc completely misses you.
The orc priest calls down the wrath of Beogh upon you.
Something smites you!
You die...

▒▒▒∙▒▒∙∙∙∙∙∙∙∙∙▒
∙∙▒∙▒ ▒∙▒▒▒▒▒▒▒∙∙
∙∙▒∙▒ ▒∙∙∙∙∙∙∙∙∙∙∙
∙∙▒∙▒▒▒▒▒▒∙∙∙∙▒▒▒▒∙∙
∙ ∙∙(∙[∙∙∙∙∙)∙∙∙▒
∙∙∙ ∙∙∙∙▒▒▒▒▒▒∙∙)∙▒
∙∙▒∙ ∙∙▒▒▒ ▒▒▒▒∙▒


[∙∙∙∙ ▒▒▒ ▒▒▒▒∙▒▒▒▒∙∙∙∙▒ ▒∙∙∙∙∙∙@o(▒ ▒∙∙∙∙∙∙o)∙▒ ▒∙∙∙∙∙∙∙(∙▒ ∙∙∙∙∙∙∙∙∙<∙∙▒
▒▒▒∙∙∙∙∙∙∙∙∙▒ ▒▒▒▒∙▒∙▒▒▒▒ ▒∙▒∙▒ ∙∙∙∙∙ ∙∙$∙ You could see an orc priest and an
orc.

Vanquished Creatures
  An orc warrior (D:6)
  An ogre (D:4)
  A centaur (D:6)
  An orc priest (D:6)
  3 worker ants
  An adder (D:4)
  An adder skeleton (D:4)
  A giant eyeball (D:6)
  5 bats
  A giant cockroach (D:4)
  3 goblins
  2 hobgoblins
  A ball python (D:1)
  A giant newt (D:1)
  A hobgoblin skeleton (D:4)
  2 rats
26 creatures vanquished.

Notes
Turn   | Place    | Note
--------------------------------------------------------------
     0 | D:1      | KINGBONG, the Troll Hunter, began the quest for the Orb.
     0 | D:1      | Reached XP level 1. HP: 19/19 MP: 1/1
   111 | D:1      | Reached XP level 2. HP: 25/27 MP: 1/1
   365 | D:4      | Noticed an ogre
   368 | D:4      | Killed an ogre
   368 | D:4      | Reached skill level 4 in Unarmed Combat
   368 | D:4      | Reached XP level 3. HP: 33/33 MP: 2/2
   368 | D:4      | Reached XP level 4. HP: 41/41 MP: 2/2
   436 | D:4      | Found a staircase to the Ecumenical Temple.
   468 | Temple   | Entered the Ecumenical Temple
   493 | Temple   | Became a worshipper of Makhleb the Destroyer
   514 | D:4      | Reached skill level 5 in Unarmed Combat
   514 | D:4      | Reached XP level 5. HP: 46/48 MP: 2/2
   574 | D:5      | Entered Level 5 of the Dungeon
   681 | D:6      | Noticed a centaur
   688 | D:6      | Killed a centaur
   688 | D:6      | Reached skill level 6 in Unarmed Combat
   688 | D:6      | Reached XP level 6. HP: 38/55 MP: 3/3
   695 | D:6      | Noticed an orc warrior
   704 | D:6      | Killed an orc warrior
   726 | D:6      | Paralysed by a giant eyeball for 2 turns
   742 | D:6      | Paralysed by a giant eyeball for 4 turns
   747 | D:6      | Killed from afar by an orc priest

Action                   |  1- 3 |  4- 6 || total
-------------------------+-------+-------++-------
Melee: Unarmed           |    30 |    59 ||    89
Throw: Large rock        |     3 |     3 ||     6
